 Dungeon Crawl Stone Soup version 0.18-a0-1639-g7533f42 (webtiles) character file.

34986 M4edhros the Covert (level 13, -5/77 HPs)
             Began as an Octopode Fighter on Mar 27, 2016.
             Was an Initiate of Gozag.
             Slain by a spiny frog (19 damage)
             ... on level 5 of the Lair of Beasts.
             The game lasted 01:59:08 (22173 turns).

M4edhros the Covert (Octopode Fighter)             Turns: 22173, Time: 01:59:09

Health: -5/77      AC:  5    Str: 15    XL:     13   Next: 80%
Magic:  20/20      EV: 20    Int:  8    God:    Gozag
Gold:   733        SH: 20    Dex: 18    Spells: 0 memorised, 12 levels left

rFire  + . .     SeeInvis +     a - +0 trident
rCold  + . .     Gourm    .     b - +1 shield
rNeg   . . .     Faith    .     F - +0 hat {SInv}
rPois  +         Spirit   .     c - +4 amulet of reflection
rElec  .         Dismiss  .     g - ring of resist corrosion
rCorr  +         Reflect  +     e - ring of magical power
SustAt .         Harm     .     r - ring of protection from cold
MR     +....     Rnd*Rage +     p - +3 ring of dexterity
Stlth  ++++++++..               C - ring "Ehioris" {rPois rF+ MR+ Str-2}
                                (no ring)
                                (no ring)
                                (no ring)

@: somewhat resistant to hostile enchantments, extraordinarily stealthy
A: almost no armour, amphibious, 8 rings, constrict 8, tentacle spike 1, large
bone plates 1, yellow scales 1, camouflage 1, berserk 1, blurry vision 1, dopey
1, low mp 1, gelatinous body 1
a: Potion Petition, Call Merchant, Bribe Branch, Renounce Religion


You were on level 5 of the Lair of Beasts.
You worshipped Gozag.
Gozag was noncommittal.
You were not hungry.

You visited 3 branches of the dungeon, and saw 19 of its levels.
You also visited: Bailey.

You collected 4399 gold pieces.
You paid 3666 gold pieces to Gozag.

Inventory:

Hand Weapons
 a - a +0 trident (weapon)
 i - a +0 flail of protection
 B - a +1 triple crossbow of flaming
 D - a +2 dagger of electrocution
 L - a +9 hunting sling (quivered)
 T - a +0 broad axe of electrocution
Missiles
 h - 32 sling bullets
 l - 528 stones
 y - 10 steel sling bullets
 H - 92 bolts
 N - a throwing net
 P - 61 tomahawks of returning
 Z - 5 sling bullets of frost
Armour
 b - a +1 shield (worn)
 F - a +0 hat of see invisible (worn)
Magical Staves
 W - an uncursed staff of power
Jewellery
 c - a +4 amulet of reflection (around mantle)
 e - a ring of magical power (right tentacle)
 g - a ring of resist corrosion (left tentacle)
 p - a +3 ring of dexterity (on tentacle)
 r - a ring of protection from cold (on tentacle)
 s - an uncursed ring of ice
 C - the ring "Ehioris" (on tentacle) {rPois rF+ MR+ Str-2}
   (You found it on level 1 of the Lair of Beasts)

   [ring of protection from magic]

   It affects your strength (-2).
   It protects you from fire.
   It protects you from poison.
   It affects your resistance to hostile enchantments.
Wands
 n - a wand of confusion (12/48)
 x - a wand of digging (6/24)
 X - a wand of hasting (4/9)
Scrolls
 j - a scroll of magic mapping
 m - 2 scrolls of fog
 o - a scroll of recharging
 t - 3 scrolls of blinking
 u - a scroll of teleportation
 w - 4 scrolls of immolation
 J - a scroll of vulnerability
 K - a scroll of fear
 S - 7 scrolls of enchant armour
Potions
 A - 2 potions of ambrosia
 G - 2 potions of magic
 I - a potion of might
 U - a potion of cure mutation {unknown}
 Y - 2 potions of flight {unknown}
Miscellaneous
 O - a fan of gales (inert)
Comestibles
 d - 12 bread rations
 f - 10 slices of pizza
 k - a beef jerky
 z - 34 fruits
 R - a meat ration


   Skills:
 - Level 3.0 Fighting
 - Level 7.6 Polearms
 * Level 9.1 Slings
 + Level 11.0 Dodging
 - Level 14.5 Stealth
 + Level 13.7 Shields


You had 12 spell levels left.
You didn't know any spells.

Dungeon Overview and Level Annotations

Branches:
Dungeon (12/15)            Temple (1/1) D:5            Lair (6/8) D:11
 Shoals (0/4) Lair:5       Spider (0/4) Lair:3          Orc (0/2) D:12
  Slime: Lair:6-8

Altars:
Ashenzari
Cheibriados
Dithmenos
Elyvilon
Fedhas
Gozag
Kikubaaqudgha
Makhleb
Nemelex Xobeh
Okawaru
Pakellas
Qazlal
Ru
Sif Muna
Trog
Vehumet
Xom
Yredelemnul
Zin
The Shining One

Shops:
D:4 *   D:8 (   Lair:1 [[   Lair:4 (

Annotations:
D:5 4thArraOfDagon's ghost, amateur HuFi
D:9 Yawgmoth's ghost, novice GrEE


Innate Abilities, Weirdness & Mutations

You cannot wear most types of armour.
You are amphibious.
You can wear up to eight rings at the same time.
You can use your tentacles to constrict eight enemies at once.
Your skin changes colour to match your surroundings (Stealth).
Your rubbery body absorbs attacks (AC +1).
One of your tentacles bears a spike.
You are partially covered in large bone plates (AC +2, SH +2).
You are partially covered in yellow scales (AC +2).
You tend to lose your temper in combat.
Scrolls take you a little longer to read.
You are dopey. (Int -2)
Your magical capacity is low (-10% MP).


Message History

You hit the spiny frog but do no damage.
You pierce the spiny frog, but do no damage.
The spiny frog is lightly wounded.
You constrict the spiny frog. You block the spiny frog's attack. x2
You hit the spiny frog but do no damage.
You pierce the spiny frog, but do no damage.
You squeeze the spiny frog.
The spiny frog is moderately wounded.
You constrict the spiny frog. You block the spiny frog's attack.
You puncture the spiny frog!
The spiny frog is heavily wounded.
You constrict the spiny frog. The spiny frog stings you!!
* * * LOW HITPOINT WARNING * * *
You are too injured to fight recklessly!
You hit the spiny frog.
You squeeze the spiny frog, but do no damage.
The spiny frog is heavily wounded.
You constrict the spiny frog. The spiny frog stings you!!
You die...
Your body crumbles into a pile of gold.

##.#........P..P...
###)≈.....
#...............P..
##......
#P.#.......#....P.##
##.#.#..#
####.#............P#
#......##
#..........###.##
##..#..#
#....#..P#.##..###
#.>##..#
#.#.##...........#
##..#...#
#..####.P.P.F....#
#.......# #..#
##.....@###.####..#...##
##.##
#.#..##..((..##.####...#
#..#####.#.P.....(.#..##
#...# ##....#
##...P..........# ##..#
#P..[## #P............##
#..## ###.##
##.......$###..####..#
##.#
#..P.......#...#.#....
#..##
##...#.........#......
#...#
##....#.......##..#..#


You could see a spiny frog.

Vanquished Creatures
  An orc warlord (Bailey)
  2 hydras
  A hill giant (D:12)
  An orc knight (Bailey)
  A wolf spider zombie (D:12)
  An oklob plant (Lair:4)
  A wolf spider (Lair:3)
  A siren (Lair:5)
  5 elephants (Lair:5)
  3 black mambas
  10 spiny frogs
  A rime drake (Lair:3)
  9 komodo dragons
  2 trolls
  A polar bear (Lair:2)
  The ghost of 4thArraOfDagon the Chopper, an amateur HuFi of the Shining One (D:11)
  2 two-headed ogres
  3 jumping spiders (Lair:3)
  Grinder (D:3)
  8 blink frogs
  A wyvern (D:12)
  35 yaks
  Eustachio (D:4)
  A spriggan (Lair:2)
  2 hogs (D:7)
  A human (D:7)
  10 hippogriffs
  2 basilisks
  A steam dragon (D:11)
  2 mottled dragons
  5 water moccasins
  7 porcupines
  An orc warrior (Bailey)
  3 sky beasts
  An ice beast (D:12)
  5 black bears
  A necrophage (D:11)
  2 wasps (D:7)
  16 wolves
  3 ogres
  8 crocodiles
  3 centaurs
  Blork the orc (D:6)
  16 giant frogs
  A gnoll sergeant (D:10)
  A water moccasin zombie (D:6)
  A wyvern skeleton (D:6)
  10 killer bees
  An electric eel (Lair:1)
  6 crimson imps
  A lava snake (Lair:4)
  A quasit (D:7)
  3 centaur skeletons
  3 centaur zombies
  4 hounds
  3 giant frog skeletons
  A jelly (D:11)
  2 gnoll shamans (D:6)
  An orc priest (D:9)
  Crazy Yiuf (D:3)
  10 iguanas
  9 worker ants
  3 orc wizards
  2 killer bee zombies
  26 sheep
  A hound zombie (D:6)
  A howler monkey zombie (D:8)
  12 adders
  18 gnolls
  42 river rats
  3 shadow imps (D:6)
  An adder zombie (D:6)
  2 worms
  6 giant geckos
  21 orcs
  2 ball pythons
  13 hobgoblins
  17 jackals
  2 quokkas
  4 bats
  A giant gecko skeleton (D:4)
  5 giant newts
  17 goblins
  21 kobolds
  4 rats
  A fire vortex (Lair:4)
  A plant (Lair:4)
468 creatures vanquished.

Vanquished Creatures (collateral kills)
  A catoblepas (Lair:5)
  4 killer bees (D:11)
  A plant (Lair:5)
6 creatures vanquished.

Vanquished Creatures (others)
  A centaur (D:11)
  5 kobolds (Bailey)
  10 fungi
  3 plants
19 creatures vanquished.

Grand Total: 493 creatures vanquished

Notes
Turn   | Place    | Note
--------------------------------------------------------------
     0 | D:1      | M4edhros the Octopode Fighter began the quest for the Orb.
     0 | D:1      | Reached XP level 1. HP: 16/16 MP: 1/1
   118 | D:2      | Reached XP level 2. HP: 17/21 MP: 2/2
   123 | D:2      | Found a shattered altar of Ashenzari.
   367 | D:1      | Reached skill level 1 in Slings
   465 | D:1      | Reached XP level 3. HP: 26/26 MP: 3/3
   888 | D:2      | Gained mutation: You tend to lose your temper in combat. [potion of mutation]
   888 | D:2      | Gained mutation: You are dopey. (Int -2) [potion of mutation]
   888 | D:2      | Gained mutation: One of your tentacles bears a spike. [potion of mutation]
   890 | D:2      | Gained mutation: You are partially covered in large bone plates (AC +2, SH +2). [potion of beneficial mutation]
  1195 | D:2      | Found an ancient bone altar of Kikubaaqudgha.
  1491 | D:2      | Reached XP level 4. HP: 29/31 MP: 4/4
  1689 | D:3      | Noticed Crazy Yiuf
  1698 | D:3      | Killed Crazy Yiuf
  1844 | D:3      | Noticed Grinder
  1849 | D:3      | Paralysed by Grinder for 5 turns
  1857 | D:3      | Paralysed by Grinder for 7 turns
  1873 | D:3      | Paralysed by Grinder for 5 turns
  1882 | D:3      | Killed Grinder
  1882 | D:3      | Reached skill level 5 in Polearms
  1882 | D:3      | Reached XP level 5. HP: 8/36 MP: 5/5
  1882 | D:3      | Reached XP level 6. HP: 9/42 MP: 6/6
  2111 | D:4      | Found a stormy altar of Qazlal.
  2114 | D:4      | Found Peypt's Assorted Antiques.
  2594 | D:4      | Noticed Eustachio
  2633 | D:4      | Reached XP level 7. HP: 12/46 MP: 7/7
  2634 | D:4      | Killed Eustachio
  2634 | D:4      | Reached skill level 5 in Slings
  3164 | D:5      | Entered Level 5 of the Dungeon
  3171 | D:5      | Noticed 4thArraOfDagon's ghost (amateur HuFi)
  3458 | D:5      | Found a staircase to the Ecumenical Temple.
  3486 | D:5      | Gained mutation: You are partially covered in yellow scales (AC +2). [mutagenic meat]
  3487 | D:5      | Gained mutation: Your magical capacity is low (-10% MP). [mutagenic meat]
  3490 | D:5      | Gained mutation: Scrolls take you a little longer to read. [mutagenic meat]
  3506 | Temple   | Entered the Ecumenical Temple
  3915 | D:5      | Reached XP level 8. HP: 50/52 MP: 7/7
  4020 | D:5      | Paralysed by a crimson imp for 7 turns
  4043 | D:6      | Noticed Blork the orc
  4048 | D:6      | Killed Blork the orc
  4289 | D:6      | Found an opulent altar of Gozag.
  4331 | D:6      | Became a worshipper of Gozag Ym Sagoz the Greedy
  4452 | D:6      | Reached skill level 5 in Shields
  4737 | D:7      | Reached skill level 5 in Dodging
  4741 | D:7      | Reached XP level 9. HP: 30/56 MP: 8/8
  5179 | D:7      | Reached skill level 1 in Stealth
  5206 | D:7      | Reached skill level 3 in Stealth
  5222 | D:7      | Reached skill level 4 in Stealth
  5227 | D:7      | Reached skill level 5 in Stealth
  5554 | D:7      | Found a shadowy altar of Dithmenos.
  5554 | D:7      | Found a white marble altar of Elyvilon.
  5724 | D:8      | Found an oddly glowing altar of Pakellas.
  5809 | D:8      | Reached skill level 6 in Stealth
  5857 | D:8      | Found a bloodstained altar of Trog.
  6131 | D:9      | Reached skill level 7 in Stealth
  6137 | D:10     | Entered Level 10 of the Dungeon
  6372 | D:10     | Reached XP level 10. HP: 63/63 MP: 9/9
  6537 | D:10     | Reached skill level 8 in Stealth
  6640 | D:10     | Reached skill level 9 in Stealth
  7411 | D:9      | Noticed Yawgmoth's ghost (novice GrEE)
  8716 | D:11     | Reached skill level 10 in Stealth
  8871 | D:11     | Found a staircase to the Lair.
  9138 | D:11     | Reached XP level 11. HP: 46/67 MP: 9/9
  9329 | D:11     | Noticed 4thArraOfDagon's ghost (amateur HuFi)
  9370 | D:10     | Reached skill level 11 in Stealth
 10224 | D:11     | Killed 4thArraOfDagon's ghost
 10333 | D:12     | Found a staircase to the Orcish Mines.
 10451 | D:12     | Noticed a hill giant
 10651 | D:12     | Reached skill level 12 in Stealth
 10651 | D:12     | Reached skill level 10 in Shields
 10673 | D:12     | Found a flagged portal.
 10790 | Bailey   | Entered a bailey
 10809 | Bailey   | Noticed an orc warlord
 10902 | Bailey   | Noticed an orc knight
 11030 | Bailey   | Killed an orc knight
 11047 | Bailey   | Found a runed gate.
 11060 | Bailey   | Found a runed gate.
 11087 | Bailey   | Found a runed gate.
 11468 | Bailey   | Killed an orc warlord
 12851 | D:12     | Killed a hill giant
 12851 | D:12     | Reached skill level 13 in Stealth
 12924 | D:12     | Noticed a hill giant
 13531 | Lair:1   | Entered Level 1 of the Lair of Beasts
 13707 | Lair:1   | Reached XP level 12. HP: 49/72 MP: 10/10
 14018 | Lair:2   | Noticed a five-headed hydra
 14229 | Lair:2   | Identified a scroll of acquirement
 14572 | Lair:1   | Got a brightly glowing lead ring
 14573 | Lair:1   | Identified the ring "Ehioris" {rPois rF+ MR+ Str-2} (You found it on level 1 of the Lair of Beasts)
 15114 | Lair:1   | Reached skill level 14 in Stealth
 16772 | Lair:2   | Killed a five-headed hydra
 17281 | Lair:3   | Reached skill level 10 in Dodging
 17430 | Lair:3   | Reached XP level 13. HP: 26/77 MP: 11/11
 18451 | Lair:3   | Found a hole to the Spider Nest.
 20349 | Lair:5   | Found a staircase to the Shoals.
 20840 | Lair:5   | Found a shimmering altar of Xom.
 21944 | Lair:5   | HP: 2/77 [catoblepas (31)]
 22173 | Lair:5   | Slain by a spiny frog

Vault maps used:
D:1:      tarquinn_simple_flora_water_a, minmay_rat_gold_closets
D:2:      overflow_temple_1_default, ashenzari_conservatory_becter, first_bread,
          st_stairs_7
D:3:      uniq_grinder, uniq_crazy_yiuf_cottage
D:4:      serial_column_ruins, column_ruins_hut, column_ruins_hut_ruined,
          column_ruins_corridor_straight, column_ruins_open_medium,
          column_ruins_corridor_straight, column_ruins_open_tiny,
          column_ruins_corridor_corner, serial_shops, kennysheep_mini_moat,
          grunt_qazlal_clouds, uniq_eustachio
D:5:      gammafunk_temple_overflow_wave, minmay_temple_entry_nine_rooms,
          uniq_sigmund
D:6:      grunt_gozag_breadcrumbs, hangedman_abyss_or_decor_stagger,
          uniq_blork_the_orc
D:7:      gammafunk_temple_overflow_statue, grunt_livestock
D:8:      lemuel_crystal_altar, kennysheep_big_empty_room,
          grunt_pakellas_mercury
D:11:     erik_lair_dragon
D:12:     lightli_bailey_entry_fortress
Temple:   circular_temple_12
Lair:1:   gammafunk_lair_bear_cave, grunt_megastairs_2, serial_bayou_shore_a
Lair:2:   grunt_forest_stairs_clearing, grunt_megastairs_4
Lair:3:   spider_nest_entry_funnel_web, fungi_pond_lemuel, lemuel_fruit_tree,
          serial_bayou_shore_b
Lair:4:   minmay_lair_oklob_chamber, lemuel_fruit_fields
Lair:5:   minmay_shoals_entry_lonely_mermaid, basic_altar, grunt_megastairs_5
Lair:6:   st_stairs_10
Bailey:   bailey_axe_bossmonster_kennysheep, bailey

Skill      XL: |  1  2  3  4  5  6  7  8  9 10 11 12 13 |
---------------+----------------------------------------+-----
Polearms       | 3 5 6 7 |  7.6
Slings         | 1 3 4 5 9 |  9.1
Shields        | 5 7 9 11 13 | 13.7
Dodging        | 5 6 7 8 10 11 | 11.0
Stealth        | 7 10 13 14 | 14.5
Fighting       | |  3.0

Action                   |  1- 3 |  4- 6 |  7- 9 | 10-12 | 13-15 || total
-------------------------+-------+-------+-------+-------+-------++-------
Melee: Trident           |    74 |   102 |   148 |  1112 |   303 ||  1739
       Dagger            |       |       |   125 |       |       ||   125
       Flail             |       |       |       |    10 |       ||    10
       Broad axe         |       |       |       |     6 |       ||     6
 Fire: Hunting sling     |    24 |     4 |     3 |   367 |   366 ||   764
Invok: Call Merchant     |       |       |       |     3 |     1 ||     4
Evoke: Fan of gales      |       |       |       |     1 |     1 ||     2
       Wand              |       |       |       |     7 |     2 ||     9
  Use: Potion            |     7 |     3 |     2 |    13 |     3 ||    28
       Scroll            |     3 |     2 |     5 |    12 |     6 ||    28
 Stab: Sleeping          |     4 |     3 |    14 |    30 |    20 ||    71
       Distracted        |       |       |     1 |     6 |     3 ||    10
       Held in net/web   |       |       |       |     1 |       ||     1
  Eat: Chunk             |     1 |     6 |    13 |       |       ||    20
       Beef jerky        |       |       |     1 |     3 |     1 ||     5
       Meat ration       |       |       |     1 |     5 |     3 ||     9
       Royal jelly       |       |       |       |     2 |       ||     2
       Bread ration      |       |       |       |     2 |       ||     2
